 Dungeon Crawl Stone Soup version 0.26-a0-1147-g3780a7a11b (webtiles) character file.

Game seed: 13167159113298909539

376 sokol815 the Conjurer (level 6, -1/41 HPs)
             Began as an Octopode Hedge Wizard on Dec 22, 2020.
             Slain by a gnoll
             ... wielding a +0 spear
              (3 damage)
             ... on level 4 of the Dungeon.
             The game lasted 00:08:43 (5108 turns).

sokol815 the Conjurer (Octopode Hedge Wizard)       Turns: 5108, Time: 00:08:43

Health: -1/41      AC:  9    Str: 13    XL:     6   Next: 73%
Magic:  0/10       EV: 13    Int: 18    God:
Gold:   206        SH:  0    Dex: 11    Spells: 4/11 levels left

rFire    . . .     SeeInvis .   a - +2 short sword (protect)
rCold    . . .     Faith    .   (no shield)
rNeg     . . .     Spirit   +   k - +1 hat
rPois    +         Reflect  .   z - amulet "Unasicen" {Spirit *Slow Will+ Str+3}
rElec    .         Harm     .   (no ring)
rCorr    .         Rampage  .   (no ring)
Will     +....                  (no ring)
Stlth    +++.......             (no ring)
HPRegen  0.13/turn              (no ring)
MPRegen  0.12/turn              (no ring)
                                (no ring)
                                (no ring)

@: protection aura, hasted, very quick
A: almost no armour, stealthy swim, amphibious, 8 rings, constrict 8, camouflage
1, sense surroundings 1, poison resistance, gelatinous body 1
a: no special abilities


You were on level 4 of the Dungeon.
You visited 1 branch of the dungeon, and saw 4 of its levels.

You collected 206 gold pieces.

Inventory:

Hand Weapons
 a - a +2 short sword of protection (weapon)
   (You took it off an orc on level 2 of the Dungeon)
 p - a +0 hand axe
   (You took it off an orc on level 2 of the Dungeon)
 q - a +0 dagger
 w - a +1 dagger of holy wrath
   (You took it off an orc wizard on level 3 of the Dungeon)
 y - a +0 dagger of speed
   (You found it on level 3 of the Dungeon)
Missiles
 e - 140 stones
 v - 11 poisoned darts (quivered)
 x - 6 boomerangs
Armour
 b - a +0 hat
 k - a +1 hat (worn)
   (You found it on level 2 of the Dungeon)
Jewellery
 o - an uncursed ring of fire {rF+, rC-}
   (You took it off a kobold on level 2 of the Dungeon)
 z - the amulet "Unasicen" (around mantle) {Spirit *Slow Will+ Str+3}
   (You found it on level 4 of the Dungeon)

   [amulet of guardian spirit]

   It causes incoming damage to be split between your health and magic.
   It affects your strength (+3).
   It affects your willpower, your defense against some magical effects.
   It may slow you when you take damage.
Scrolls
 f - 2 scrolls of magic mapping {unknown}
 i - a scroll of blinking {unknown}
 n - a scroll of enchant armour {unknown}
 r - 2 scrolls of remove curse {unknown}
 s - a scroll of amnesia {unknown}
 t - a scroll of fear {unknown}
 u - a scroll of teleportation {unknown}
Potions
 c - a potion of curing
 d - a potion of mutation {!q}
 g - a potion of haste
 h - a potion of invisibility {unknown}
 j - a potion of berserk rage {unknown}
 l - a potion of flight {unknown}
 m - a potion of heal wounds {unknown}


   Skills:
 + Level 2.5 Fighting
 - Level 2.0 Dodging
 - Level 2.6 Stealth
 - Level 3.0 Spellcasting
 - Level 5.0 Conjurations
 - Level 1.0 Summonings
 - Level 1.0 Translocations
 * Level 1.4 Fire Magic
 * Level 1.6 Air Magic
 * Level 2.0 Poison Magic


You had 4 spell levels left.
You knew the following spells:

 Your Spells              Type           Power        Failure   Level
a - Magic Dart            Conj           80%          1%          1
c - Conjure Flame         Conj/Fire      14%          13%         3
x - Mephitic Cloud        Conj/Pois/Air  13%          16%         3

Your spell library contained the following spells:

 Spells                   Type           Power        Failure   Level
 Blink                    Tloc           N/A          16%         2
 Call Imp                 Summ           6%           16%         2
 Slow                     Hex            2%           24%         2


Dungeon Overview and Level Annotations

Branches:
Dungeon (4/15)
 Temple: D:4-7

Altars:
Cheibriados
Kikubaaqudgha
Uskayaw
Yredelemnul
Zin
The Shining One

Annotations:
D:3 1 runed translucent door, rgaf's ghost, amateur TeFE


Innate Abilities, Weirdness & Mutations

You cannot wear most types of armour.
You are very stealthy in the water. (Stealth+)
You are amphibious.
You can wear up to eight rings at the same time.
You can use your tentacles to constrict eight enemies at once.
Your skin changes colour to match your surroundings (Stealth+).
Your rubbery body absorbs attacks. (AC +1, EV +1)
You passively map a small area around you.
Your system is resistant to poisons. (rPois)


Message History

The stone hits the scorpion but does no damage.
You throw a stone.
The stone hits the scorpion but does no damage.
You throw a stone. The stone barely misses the scorpion.
The scorpion barely misses you.
You hit the scorpion.
Your weapon exudes an aura of protection.
You kill the scorpion!
You start resting.
Your magical contamination has completely faded away.
Unknown command.
You start resting.
MP restored: 10 You see here a scorpion corpse.
e - 140 stones (gained 6) 2 gnolls come into view.
The gnoll shouts!
You hear a shout!
A gnoll comes into view. It is wielding a +0 flail.
The gnoll moves out of view.
You hear a shout! x2
The magic dart hits the gnoll but does no damage.
The gnoll barely misses you.
A gnoll comes into view. It is wielding a +0 spear.
You now have 9/10 mp.
The magic dart hits the gnoll but does no damage.
The gnoll hits you from afar with a +0 spear!
You take 8 damage, and have 33/41 hp.
You now have 7/10 mp.
You see here a scorpion corpse.
The gnoll hits you from afar with a +0 spear.
You take 3 damage, and have 30/41 hp.
You now have 6/10 mp.
The magic dart hits the gnoll.
The gnoll barely misses you.
Okay, then.
The fire begins to smolder!
The gnoll hits you from afar with a +0 spear.
You take 2 damage, and have 29/41 hp.
You now have 3/10 mp.
The fire ignites!
An ogre comes into view. It is wielding a +0 giant club.
The fire begins to smolder!
You now have 0/10 mp.
The fire ignites!
Aim: a gnoll, wielding a +0 spear (lightly wounded, 0% to evade)
The magic dart hits the gnoll.
You now have 0/10 mp.
You don't have enough magic to cast that spell.
Quiver which item? (- for none) (? for menu, Esc to quit)
Throw: 13 darts (poison)
Aim: an ogre, wielding a +0 giant club You throw a poisoned dart.
The poisoned dart hits the ogre.
Throw: 12 darts (poison)
Aim: an ogre, wielding a +0 giant club You throw a poisoned dart.
The poisoned dart hits the ogre.
The ogre is poisoned.
The gnoll hits you with a +0 spear.
You take 6 damage, and have 24/41 hp.
You hit the gnoll.
Your weapon exudes an aura of protection.
You grab the gnoll.
You constrict the gnoll, but do no damage.
The gnoll closely misses you.
You hit the gnoll. You constrict the gnoll.
The gnoll hits you but does no damage.
You hit the gnoll but do no damage. You constrict the gnoll.
The gnoll hits you with a +0 spear.
You take 5 damage, and have 19/41 hp.
You hit the gnoll but do no damage. You squeeze the gnoll.
You kill the gnoll!
The ogre looks more healthy.
You hit the gnoll. You grab the gnoll. You squeeze the gnoll!
You kill the gnoll!
Your Poison Magic skill increases to level 2!
You feel yourself speed up. The gnoll barely misses you.
The gnoll hits you but does no damage.
You closely miss the gnoll. Your grab misses the gnoll. You squeeze the gnoll.
The gnoll hits you with a +0 flail.
The gnoll hits you from afar with a +0 spear.
* * * LOW HITPOINT WARNING * * *
You take 9 damage, and have 11/41 hp.
MASSIVE DAMAGE!!
You now have 0/10 mp.
You feel better.
You regained 6 hp, and now have 17/41 hp.
You closely miss the ogre. You squeeze the ogre.
The gnoll hits you from afar with a +0 spear.
* * * LOW HITPOINT WARNING * * *
The gnoll hits you but does no damage. The ogre closely misses you.
You take 6 damage, and have 11/41 hp.
You barely miss the ogre.
The gnoll hits you from afar with a +0 spear!
* * * LOW HITPOINT WARNING * * *
The gnoll completely misses you.
You take 7 damage, and have 4/41 hp.
You puncture the ogre!
Your weapon exudes an aura of protection.
You squeeze the ogre! The ogre misses you. The gnoll misses you.
You barely miss the ogre. The gnoll hits you with a +0 flail.
* * * LOW HITPOINT WARNING * * *
You take 3 damage, and have 1/41 hp.
You hit the ogre.
The gnoll hits you from afar with a +0 spear.
You die...

#...........#.. , ,
##.†##.## #.#.#,, * * *
##..##.####.#.#.# * , ,
...........††.).#
###..#.####.#.#.# ,, ,
#....# #.#[# ,, * ...#...#
#.#.# ,# .** *,
...##..#*##.#.#######..#..
... .....#....gg@O.(......
...###>###..#.#######..#..
, ### #.# #..#..g.gg....#
*.# #..#.####.##..# , *,
#..#.#* #.#*, # , *
#..#.....gg.g.#
...#.####.###.# * *,
#.##.# #.. , , #.# ###


You could see an ogre and 2 gnolls.

Vanquished Creatures
  A scorpion (D:4)
  A bullfrog skeleton (D:4)
  2 orc priests (D:3)
  An orc wizard (D:3)
  An iguana (D:4)
  6 adders
  2 gnolls (D:4)
  An ooze (D:1)
  3 worms (D:3)
  3 dart slugs
  3 leopard geckos
  7 orcs
  3 ball pythons
  10 bats
  3 giant cockroaches
  8 goblins
  6 hobgoblins
  4 jackals (D:4)
  16 kobolds
  2 quokkas (D:2)
  4 frilled lizards
  7 rats
94 creatures vanquished.

Notes
Turn   | Place    | Note
-------+----------+-------------------------------------------
     0 | D:1      | sokol815 the Octopode Hedge Wizard began the quest for the
                  | Orb.
     0 | D:1      | Reached XP level 1. HP: 11/11 MP: 4/4
   328 | D:1      | Reached skill level 2 in Conjurations
   328 | D:1      | Reached XP level 2. HP: 15/17 MP: 1/6
   823 | D:1      | Reached XP level 3. HP: 21/21 MP: 4/7
   895 | D:1      | Reached skill level 3 in Conjurations
  1713 | D:2      | Reached XP level 4. HP: 27/27 MP: 4/8
  1826 | D:2      | Found an ancient bone altar of Kikubaaqudgha.
  1835 | D:2      | Reached skill level 4 in Conjurations
  2328 | D:2      | Found a glowing golden altar of the Shining One.
  3146 | D:2      | HP: 5/27 [kobold/+0 club (3)]
  3399 | D:3      | Reached XP level 5. HP: 31/31 MP: 9/9
  3402 | D:3      | Found a snail-covered altar of Cheibriados.
  3741 | D:3      | Reached skill level 5 in Conjurations
  3741 | D:3      | Reached skill level 1 in Fighting
  3750 | D:3      | Reached skill level 2 in Fighting
  3793 | D:3      | Learned a level 3 spell: Conjure Flame
  3797 | D:3      | Learned a level 3 spell: Mephitic Cloud
  4020 | D:3      | Reached XP level 6. HP: 38/39 MP: 8/10
  4130 | D:3      | Found a glowing silver altar of Zin.
  4250 | D:3      | Found a hide-covered altar of Uskayaw.
  4435 | D:3      | Found a runed translucent door.
  4440 | D:3      | Noticed rgaf's ghost (amateur TeFE)
  4457 | D:3      | Reached skill level 1 in Poison Magic
  4497 | D:3      | Gained mutation: Your system is resistant to poisons.
                  | (rPois) [potion of mutation]
  4497 | D:3      | Gained mutation: You passively map a small area around you.
                  | [potion of mutation]
  4538 | D:3      | Found a basalt altar of Yredelemnul.
  4643 | D:4      | Reached skill level 1 in Fire Magic
  4643 | D:4      | Reached skill level 1 in Air Magic
  4938 | D:4      | Got a transparent ruby amulet
  4950 | D:4      | Identified the amulet "Unasicen" {Spirit *Slow Will+ Str+3}
                  | (You found it on level 4 of the Dungeon)
  5101 | D:4      | Reached skill level 2 in Poison Magic
  5105 | D:4      | HP: 4/41 [gnoll/+0 spear (7)]
  5107 | D:4      | HP: 1/41 [gnoll/+0 flail (3)]
  5108 | D:4      | Slain by a gnoll

Illustrated notes

Levels and vault maps discovered:
D:1:      matt_arrival_spirals, layout_basic, st_stairs_2
D:2:      layout_basic, tso_altar, lemuel_round_altar, kennysheep_crisscross
D:3:      layout_loops_ring, lemuel_crystal_altar,
          nicolae_overflow_crystal_walls, lemuel_doored_altar,
          marbit_many_paths, ebering_ghost_reflecting_pool
D:4:      layout_basic, lemuel_coloured_pillars_altar, minivault_25,
          nicolae_zen_rock_garden, st_stairs_8, serial_bayou_pond_b

Skill      XL: |  1  2  3  4  5  6 |
---------------+-------------------+-----
Conjurations   | 2 3 4 5 |  5.0
Fighting       | 2 |  2.5
Poison Magic   | 2 |  2.0
Fire Magic     | 1 |  1.4
Air Magic      | 1 |  1.6
Dodging        | |  2.0
Stealth        | |  2.6
Spellcasting   | |  3.0
Summonings     | |  1.0
Translocations | |  1.0

Action                   |  1- 3 |  4- 6 || total
-------------------------+-------+-------++-------
Melee: Dagger            |    14 |    33 ||    47
       Constrict         |     5 |    24 ||    29
       Short sword       |       |    67 ||    67
       Tentacles         |       |    20 ||    20
Throw: Stone             |       |     6 ||     6
       Dart              |       |     2 ||     2
 Cast: Magic Dart        |    77 |    91 ||   168
       Conjure Flame     |       |     3 ||     3
  Use: Scroll            |       |     4 ||     4
       Potion            |       |     3 ||     3
Armor: Skin              |       |    10 ||    10
Dodge: Dodged            |    11 |    60 ||    71

Table legend: (Time is in decaauts)
 A = Elapsed time spent in this place.
 B = Non-inter-level travel time spent in this place.
 C = Inter-level travel time spent in this place.
 D = Time resting spent in this place.
 E = Time spent auto-exploring this place.
 F = Levels seen in this place.
 G = Mean time per level.
                   A        B        C        D        E       F      G
               +--------+--------+--------+--------+--------+-----+--------+
         Total |   5117 |   5031 |     86 |    994 |   3483 |   4 | 1279.2 |
       Dungeon |   5117 |   5031 |     86 |    994 |   3483 |   4 | 1279.2 |
               +--------+--------+--------+--------+--------+-----+--------+

Top non-repeatable levels by time:
     D:2: 1876 daAuts
     D:1: 1508 daAuts
     D:3: 1251 daAuts
     D:4: 480 daAuts

Table legend:
 A = Kills in this place as a percentage of kills in entire the game.
 B = Kills by you in this place as a percentage of kills by you in the entire game.
 C = Kills by friends in this place as a percentage of kills by friends in the entire game.
 D = Other kills in this place as a percentage of other kills in the entire game.
 E = Experience gained in this place as a percentage of experience gained in the entire game.
 F = Experience gained in this place divided by the number of levels of this place that you have seen.
                   A       B       C       D       E      F
               +-------+-------+-------+-------+-------+----------------------
         Total | 100.0 | 100.0 |   N/A |   N/A | 100.0 | 134.5
       Dungeon | 100.0 | 100.0 |   N/A |   N/A | 100.0 | 134.5
               +-------+-------+-------+-------+-------+----------------------
